 Dungeon Crawl Stone Soup version 0.29-a0-993-g4a18f31a58 (console) character file.

Game seed: 2415309079828289524

3007 capslocke the Covert (level 9, -32/73 (74) HPs)
             Began as a Gnoll Delver on Aug 3, 2022.
             Was an Initiate of Gozag.
             Annihilated by a large slime creature (33 damage)
             ... on level 8 of the Dungeon.
             The game lasted 00:27:46 (7461 turns).

capslocke the Covert (Gnoll Delver)                 Turns: 7461, Time: 00:27:48

HP:   -32/73 (74)   AC: 13    Str: 23    XL:     9   Next: 84%
MP:   16/16         EV: 14    Int: 10    God:    Gozag
Gold: 1136          SH:  0    Dex: 17    Spells: 17/17 levels left

rFire   . . .      SeeInvis .   f - +1 long sword (vorpal)
rCold   . . .      Faith    .   H - orb {light}
rNeg    + . .      Spirit   .   r - +5 ring mail of Gestures {Will- Str+5}
rPois   .          Reflect  .   (no helmet)
rElec   .          Harm     .   (no cloak)
rCorr   .          Rampage  .   (no gloves)
Will    .....                   w - +1 pair of boots
Stlth   ++........              (no amulet)
HPRegen 0.22/turn               h - +6 ring of strength
MPRegen 0.15/turn               L - ring of positive energy

@: gold aura, glowing, lightly drained
A: fangs 1, strong nose, distributed training
a: Renounce Religion, Potion Petition, Call Merchant, Bribe Branch


You were on level 8 of the Dungeon.
You worshipped Gozag.
Gozag was most pleased with you.
You visited 1 branch of the dungeon, and saw 10 of its levels.

You collected 1395 gold pieces.
You spent 208 gold pieces at shops.
You paid 51 gold pieces to Gozag.

Inventory:

Hand Weapons
 a - a +0 falchion
 f - a +1 vorpal long sword (weapon)
 l - a +2 whip of electrocution
 q - a +2 battleaxe of electrocution
 y - a +0 dagger
 D - a +0 dagger of flaming
Missiles
 n - 6 atropa-tipped darts
 I - 8 poisoned darts (quivered)
 K - a curare-tipped dart
Armour
 b - a +0 leather armour
 o - a +1 robe of positive energy
 r - the +5 ring mail of Gestures (worn) {Will- Str+5}
   (You found it on level 2 of the Dungeon)

   Str:       It affects your strength (+5).
   Will:      It decreases your willpower.
 w - a +1 pair of boots (worn)
 H - an orb of light (worn)
Magical Staves
 i - a staff of cold
Jewellery
 h - a +6 ring of strength (left hand)
 L - a ring of positive energy (right hand)
Wands
 g - a wand of digging (3)
 j - a wand of polymorph (7)
 m - a wand of quicksilver (8)
 F - a wand of charming (10)
 J - a wand of mindburst (10)
Scrolls
 c - a scroll of fog
 d - 2 scrolls of magic mapping
 e - a scroll of amnesia {unknown}
 k - a scroll of teleportation {unknown}
 p - 7 scrolls of identify {unknown}
 u - a scroll of brand weapon {unknown}
 v - a scroll of vulnerability {unknown}
 x - a scroll of noise {unknown}
 C - a scroll of butterflies {unknown}
 G - a scroll of enchant weapon {unknown}
 M - a scroll of enchant armour {unknown}
 N - a scroll of immolation {unknown}
 Q - a scroll of poison {unknown}
Potions
 s - a potion of lignification {unknown}
 t - a potion of heal wounds {unknown}
 z - 2 potions of curing {unknown}
 A - a potion of ambrosia {unknown}
 B - a potion of invisibility {unknown}
 O - a potion of degeneration {unknown}


   Skills:
 + Level 8.2 Fighting
 + Level 4.8 Short Blades
 + Level 6.7 Long Blades
 + Level 4.8 Axes
 + Level 4.8 Maces & Flails
 + Level 4.8 Polearms
 + Level 4.8 Staves
 + Level 4.8 Ranged Weapons
 + Level 4.8 Throwing
 + Level 4.8 Armour
 + Level 6.7 Dodging
 + Level 10.7 Stealth
 + Level 4.8 Shields
 + Level 4.8 Unarmed Combat
 + Level 4.8 Spellcasting
 + Level 4.0 Conjurations
 + Level 4.0 Hexes
 + Level 4.0 Summonings
 + Level 4.0 Necromancy
 + Level 4.0 Translocations
 + Level 4.0 Transmutations
 + Level 4.0 Fire Magic
 + Level 4.0 Ice Magic
 + Level 4.0 Air Magic
 + Level 4.0 Earth Magic
 + Level 4.0 Poison Magic
 + Level 5.3 Invocations
 + Level 4.8 Evocations


You had 17 spell levels left.
You didn't know any spells.
Your spell library contained the following spells:

 Spells                   Type           Power      Damage    Failure   Level
 Blink                    Tloc           20%        N/A       11%         2
 Tukima's Dance           Hex            10%        N/A       21%         3
 Cause Fear               Hex            5%         N/A       56%         4
 Passage of Golubria      Tloc           10%        N/A       56%         4
 Manifold Assault         Tloc           10%        N/A       88%         5
 Yara's Violent Unravell  Hex/Tmut       5%         3d4       88%         5
 Dragon Form              Tmut           5%         N/A       100%        7
 Storm Form               Tmut/Air       5%         N/A       100%        7
 Dragon's Call            Summ           5%         N/A       100%        9


Dungeon Overview and Level Annotations

Branches:
Dungeon (10/15)            Temple (0/1) D:6
   Lair: D:8-11         Orc: D:9-12

Altars:
Dithmenos
Gozag
Hepliaklqana
Makhleb
Nemelex Xobeh
Ru
Sif Muna
Uskayaw
Vehumet
Yredelemnul
Zin

Shops:
D:5 [

Annotations:
D:8 Amaemon


Innate Abilities, Weirdness & Mutations

You have very sharp teeth.
Your uncanny sense of smell can sniff out nearby items.
Your experience applies equally to all skills.


Message History

The orc shouts!
The orc is distracted by your dazzling golden aura.
There is a stone staircase leading up here.
The orc closely misses you.
You climb upwards.
Level annotation: Amaemon The slime creature quivers. x2
Found a stone.
There is a stone staircase leading down here.
The slime creature quivers.
The orc attacks as you move away! The orc hits you but does no damage.
Found a golden potion.
The slime creature attacks as you move away!
The slime creature hits you!
The slime creature attacks as you move away!
The slime creature barely misses you.
You hit the orc.
You kill the orc!
Two slime creatures merge to form a large slime creature.
You hit the slime creature.
The slime creature is lightly wounded.
The slime creature hits you!
* * * LOW HITPOINT WARNING * * *
Two slime creatures merge to form a very large slime creature.
Okay, then.
You hit the very large slime creature.
The very large slime creature is lightly wounded.
Two slime creatures merge to form an enormous slime creature.
You slash the enormous slime creature!
The enormous slime creature is lightly wounded.
An enormous slime creature splits.
The large slime creature attacks as you move away!
The large slime creature closely misses you.
You hit the large slime creature. You bite the large slime creature.
The large slime creature is lightly wounded.
The large slime creature hits you!!
* * * LOW HITPOINT WARNING * * *
The large slime creature hits you!!
You die...
Your body crumbles into a pile of gold.

#... ##.#..#
##...##.....#######
..........#..##...#
#.......#..#....
#..............##
#....>.....##...##
#...........#....#
#...........$JJ.##
#...........##@..#
#..........####.......
#.....(....... .......
##....................
#...#.......###......
#....##.....................##
..!#. ............##.........#
.. ###....##)...#...........
..##........ ......#


You could see 2 large slime creatures.

Vanquished Creatures
  Maurice (D:8)
  2 steam dragons (D:6)
  4 black bears
  2 ice beasts
  A centaur (D:6)
  A kobold brigand (D:6)
  A bullfrog (D:9)
  2 necrophages
  A scorpion (D:6)
  9 wights
  2 howler monkeys
  A human zombie (D:4)
  3 hounds
  2 orc priests
  2 jellies
  A gnoll bouda (D:5)
  Jessica (D:2)
  Terence (D:2)
  4 iguanas
  A scorpion zombie (D:3)
  3 orc wizards
  2 hound zombies (D:4)
  4 mummies (D:4)
  A howler monkey zombie (D:4)
  4 gnolls (D:5)
  12 adders
  2 shadow imps (D:6)
  A white imp (D:6)
  2 ufetubi (D:5)
  A worm (D:3)
  4 dart slugs
  13 orcs
  8 ball pythons
  8 endoplasms
  2 giant cockroaches (D:1)
  15 goblins
  6 hobgoblins
  9 jackals
  5 quokkas
  A ball python skeleton (D:3)
  5 bats
  4 frilled lizards
  10 kobolds
  6 rats
170 creatures vanquished.

Vanquished Creatures (others)
  28 fungi
  2 plants (D:2)
30 creatures vanquished.

Grand Total: 200 creatures vanquished

Notes
Turn   | Place    | Note
-------+----------+-------------------------------------------
     0 | D:5      | Reached skill level 9 in Stealth
     0 | D:5      | capslocke the Gnoll Delver began the quest for the Orb.
     0 | D:5      | Reached XP level 1. HP: 23/23 MP: 1/1
    73 | D:5      | Noticed an iguana
    99 | D:5      | Noticed an iguana
   205 | D:5      | Found a hide-covered altar of Uskayaw.
   211 | D:5      | Noticed a gnoll bouda
   215 | D:5      | Found a burning altar of Makhleb.
   223 | D:5      | Noticed a howler monkey
   256 | D:4      | Reached XP level 2. HP: 23/29 MP: 2/2
   277 | D:3      | Found a hazy altar of Hepliaklqana.
   354 | D:3      | Found an opulent altar of Gozag.
   367 | D:3      | Reached skill level 1 in Invocations
   367 | D:3      | Reached XP level 3. HP: 15/35 MP: 2/4
   380 | D:3      | Reached skill level 1 in Short Blades
   380 | D:3      | Reached skill level 1 in Axes
   380 | D:3      | Reached skill level 1 in Maces & Flails
   380 | D:3      | Reached skill level 1 in Polearms
   380 | D:3      | Reached skill level 1 in Staves
   380 | D:3      | Reached skill level 1 in Ranged Weapons
   380 | D:3      | Reached skill level 1 in Throwing
   380 | D:3      | Reached skill level 1 in Armour
   380 | D:3      | Reached skill level 1 in Shields
   380 | D:3      | Reached skill level 1 in Unarmed Combat
   380 | D:3      | Reached skill level 1 in Spellcasting
   380 | D:3      | Reached skill level 1 in Evocations
   695 | D:3      | Reached XP level 4. HP: 37/41 MP: 5/5
   730 | D:3      | Found a shadowy altar of Dithmenos.
   753 | D:3      | Noticed a black bear
   768 | D:3      | Became a worshipper of Gozag Ym Sagoz the Greedy
   801 | D:3      | Killed a black bear
   802 | D:3      | Reached skill level 1 in Conjurations
   802 | D:3      | Reached skill level 1 in Hexes
   802 | D:3      | Reached skill level 1 in Summonings
   802 | D:3      | Reached skill level 1 in Necromancy
   802 | D:3      | Reached skill level 1 in Translocations
   802 | D:3      | Reached skill level 1 in Transmutations
   802 | D:3      | Reached skill level 1 in Fire Magic
   802 | D:3      | Reached skill level 1 in Ice Magic
   802 | D:3      | Reached skill level 1 in Air Magic
   802 | D:3      | Reached skill level 1 in Earth Magic
   802 | D:3      | Reached skill level 1 in Poison Magic
   802 | D:3      | Reached XP level 5. HP: 32/47 MP: 5/7
  1069 | D:3      | Found a radiant altar of Vehumet.
  1406 | D:2      | Noticed Jessica
  1408 | D:2      | Killed Jessica
  1443 | D:2      | Reached XP level 6. HP: 53/53 MP: 8/8
  1482 | D:2      | Found a faded altar of an unknown god.
  1571 | D:2      | Identified the +5 ring mail of Gestures {Will- Str+5}
  1666 | D:2      | Noticed Terence
  1681 | D:2      | Killed Terence
  1682 | D:2      | Reached skill level 5 in Long Blades
  1682 | D:2      | Reached skill level 5 in Dodging
  3241 | D:4      | Reached XP level 7. HP: 29/60 MP: 10/10
  3547 | D:4      | Found a sacrificial altar of Ru.
  3661 | D:4      | Found a shimmering blue altar of Sif Muna.
  4065 | D:4      | Reached skill level 10 in Stealth
  4112 | D:4      | Found a basalt altar of Yredelemnul.
  4272 | D:4      | Reached XP level 8. HP: 67/67 MP: 12/12
  4908 | D:5      | Found Xyrphogot's Armour Emporium.
  4917 | D:5      | Bought an orb of light for 208 gold pieces
  5558 | D:6      | Found a staircase to the Ecumenical Temple.
  5881 | D:6      | Reached XP level 9. HP: 63/73 MP: 14/14
  6938 | D:7      | Found a glowing silver altar of Zin.
  6968 | D:7      | You fall into a shaft and drop 2 floors!
  6971 | D:9      | Found a sparkling altar of Nemelex Xobeh.
  7081 | D:9      | Noticed a two-headed ogre
  7092 | D:10     | Entered Level 10 of the Dungeon
  7146 | D:8      | Noticed Maurice
  7167 | D:8      | Reached skill level 5 in Invocations
  7202 | D:8      | Killed Maurice
  7407 | D:8      | Noticed an orange demon
  7410 | D:8      | Noticed Amaemon
  7429 | D:9      | Noticed a two-headed ogre
  7461 | D:8      | HP: 1/73 [large slime creature (20)]
  7461 | D:8      | Annihilated by a large slime creature

Illustrated notes

Levels and vault maps discovered:
D:1:      sevenhm_arrival_forest_fort_large_2, layout_loops_ring,
          chequers_serial_rivers_micro_c
D:2:      minmay_angry_zag, layout_basic,
          shapermc_ecumenical_altar_mp_ritualfount, uniq_jessica, uniq_terence
D:3:      layout_rooms, mainiacjoe_overflow_boulevard, lemuel_tele_altar,
          mainiacjoe_overflow_catwalk_spiral, serial_undead, serial_undead_b,
          serial_undead_d, serial_undead_f, serial_undead_f,
          kennysheep_decorative_pillar
D:4:      layout_cave_pools, lemuel_crystal_altar,
          nicolae_ru_great_annihilating_truth,
          lemuel_mausoleum_altar_yredelemnul
D:5:      layout_gridville, bloody_makhleb, mainiacjoe_overflow_brackets,
          serial_shops, nicolae_lakefront_shop
D:6:      layout_loops_ring, minmay_temple_entry_enclosed_plants
D:7:      layout_loops_ring, mainiacjoe_overflow_24_doors, minmay_misc_feat_x,
          dk_rats_in_the_wall, uniq_duvessa
D:8:      layout_cave_pools, brannock_xom_greatest_gift,
          mrwooster_statue_mirror, minmay_misc_feat_alley, nicolae_benzene_ring,
          nrook_campfire, minmay_misc_feat_pillars, minmay_manual_mares,
          uniq_maurice, uniq_amaemon
D:9:      layout_loops_ring, mainiacjoe_overflow_cross_hatched,
          general_overflow_altar, statue_in_the_mist_lemuel
D:10:     layout_basic

Skill      XL: |  1  2  3  4  5  6  7  8  9 |
---------------+----------------------------+-----
Stealth        | 10 | 10.7
Invocations    | 1 2 3 4 5 |  5.3
Short Blades   | 1 2 3 4 |  4.8
Axes           | 1 2 3 4 |  4.8
Maces & Flails | 1 2 3 4 |  4.8
Polearms       | 1 2 3 4 |  4.8
Staves         | 1 2 3 4 |  4.8
Ranged Weapons | 1 2 3 4 |  4.8
Throwing       | 1 2 3 4 |  4.8
Armour         | 1 2 3 4 |  4.8
Shields        | 1 2 3 4 |  4.8
Unarmed Combat | 1 2 3 4 |  4.8
Spellcasting   | 1 2 3 4 |  4.8
Evocations     | 1 2 3 4 |  4.8
Conjurations   | 1 2 3 4 |  4.0
Hexes          | 1 2 3 4 |  4.0
Summonings     | 1 2 3 4 |  4.0
Necromancy     | 1 2 3 4 |  4.0
Translocations | 1 2 3 4 |  4.0
Transmutations | 1 2 3 4 |  4.0
Fire Magic     | 1 2 3 4 |  4.0
Ice Magic      | 1 2 3 4 |  4.0
Air Magic      | 1 2 3 4 |  4.0
Earth Magic    | 1 2 3 4 |  4.0
Poison Magic   | 1 2 3 4 |  4.0
Long Blades    | 5 6 |  6.7
Dodging        | 5 6 |  6.7
Fighting       | 7 8 |  8.2

Action                   |  1- 3 |  4- 6 |  7- 9 || total
-------------------------+-------+-------+-------++-------
Melee: Whip              |    48 |     9 |       ||    57
       Bite              |     3 |    21 |    53 ||    77
       Long sword        |       |   171 |   337 ||   508
       Punch             |       |       |     2 ||     2
       Unarmed           |       |       |    13 ||    13
Throw: Dart              |       |       |    12 ||    12
Evoke: Wand              |       |     3 |       ||     3
  Use: Scroll            |     1 |       |       ||     1
       Potion            |       |     1 |       ||     1
 Stab: Sleeping          |     4 |    17 |    11 ||    32
       Invisible         |       |       |     3 ||     3
       Distracted        |       |       |     2 ||     2
Armor: Leather armour    |    13 |     3 |       ||    16
       Robe              |       |    10 |       ||    10
       Ring mail         |       |    58 |   150 ||   208
       Skin              |       |       |     4 ||     4
Dodge: Dodged            |    29 |   154 |   247 ||   430

Table legend: (Time is in decaauts)
 A = Elapsed time spent in this place.
 B = Non-inter-level travel time spent in this place.
 C = Inter-level travel time spent in this place.
 D = Time resting spent in this place.
 E = Time spent auto-exploring this place.
 F = Levels seen in this place.
 G = Mean time per level.
                   A        B        C        D        E       F      G
               +--------+--------+--------+--------+--------+-----+--------+
         Total |   7503 |   7241 |    262 |   1663 |   3792 |  10 |  750.3 |
       Dungeon |   7503 |   7241 |    262 |   1663 |   3792 |  10 |  750.3 |
               +--------+--------+--------+--------+--------+-----+--------+

Top non-repeatable levels by time:
     D:6: 1333 daAuts
     D:4: 1306 daAuts
     D:3: 1131 daAuts
     D:5: 1045 daAuts
     D:2: 837 daAuts
     D:1: 833 daAuts
     D:7: 524 daAuts
     D:8: 337 daAuts
     D:9: 149 daAuts
    D:10: 3 daAuts
